 Dungeon Crawl Stone Soup version 0.24-a0-7-g1bb0902 (webtiles) character file.

Game seed: 6332044582186134579

12058 TheGoonsmith the Thaumaturge (level 11, -21/91 HPs)
             Began as a Deep Elf Fire Elementalist on Jan 28, 2019.
             Was a Priest of Vehumet.
             Demolished by a shadow (24 damage)
             ... on level 11 of the Dungeon on Jan 30, 2019.
             The game lasted 00:27:59 (12166 turns).

TheGoonsmith the Thaumaturge (DEFE)                Turns: 12166, Time: 00:27:59

Health: -21/91     AC: 25    Str:  7    XL:     11   Next: 57%
Magic:  2/29       EV:  2    Int: 24    God:    Vehumet [***...]
Gold:   287        SH:  6    Dex: 19    Spells: 21/34 levels left

rFire    + . .     SeeInvis .   B - +1 scimitar (elec)
rCold    . . .     Gourm    .   t - +0 buckler
rNeg     + + +     Faith    .   (armour currently unavailable)
rPois    +         Spirit   .   (helmet currently unavailable)
rElec    .         Reflect  .   (cloak currently unavailable)
rCorr    .         Harm     .   (gloves currently unavailable)
MR       +....     NoTele   +   (boots currently unavailable)
Stlth    +++.......             (no amulet)
HPRegen  0.25/turn              f - ring of Qagecluo {Str+2 Dex+4}
MPRegen  0.21/turn              D - ring of protection from fire

@: tree-form
A: no striking features
a: Renounce Religion


You were on level 11 of the Dungeon.
You worshipped Vehumet.
Vehumet was most pleased with you.
You were hungry.
You were a tree.
You visited 2 branches of the dungeon, and saw 12 of its levels.

You collected 444 gold pieces.
You spent 157 gold pieces at shops.

Inventory:

Hand Weapons
 e - a +0 whip
 s - a +3 flail of crushing
 B - a +1 scimitar of electrocution (weapon)
 N - a +3 long sword
Armour
 a - a +0 robe
 l - a +2 pair of boots (melded)
 p - the +2 leather armour of Depression (melded) {rF++ Stlth+}
   (You found it on level 5 of the Dungeon)

   It greatly protects you from fire.
   It makes you more stealthy.
 t - a +0 buckler (worn)
 y - a +0 helmet (melded)
Magical Staves
 F - an uncursed staff of summoning {unknown}
Jewellery
 f - the ring of Qagecluo (left branch) {Str+2 Dex+4}
   (You took it off a crimson imp on level 6 of the Dungeon)

   [ring of strength]

   It affects your strength (+2).
   It affects your dexterity (+4).
 m - an uncursed ring of positive energy
 D - a ring of protection from fire (right branch)
 J - an uncursed ring of protection from magic {unknown}
 M - an uncursed ring of see invisible {unknown}
Wands
 g - a wand of iceblast (8)
 o - a wand of scattershot (7)
 C - a wand of disintegration (14)
 I - a wand of acid (7)
Scrolls
 b - 2 scrolls of fear
 j - 9 scrolls of remove curse
 q - 2 scrolls of immolation
 r - 2 scrolls of teleportation
 u - a scroll of amnesia
 z - 3 scrolls of magic mapping
 G - 3 scrolls of identify
 K - a scroll of enchant weapon
Potions
 h - 4 potions of haste
 i - 2 potions of cancellation
 k - 4 potions of might
 n - a potion of mutation
 v - a potion of flight {unknown}
 w - a potion of lignification
 x - 2 potions of brilliance {unknown}
 A - 2 potions of invisibility {unknown}
 E - a potion of ambrosia {unknown}
 H - a potion of heal wounds {unknown}
 L - a potion of berserk rage {unknown}
Comestibles
 c - 14 rations


   Skills:
 - Level 4.0 Fighting
 + Level 9.5 Dodging
 - Level 3.0 Stealth
 - Level 4.2 Shields
 - Level 12.0 Spellcasting
 - Level 9.1 Conjurations
 - Level 9.1 Fire Magic
 - Level 5.0 Evocations


You had 21 spell levels left.
You knew the following spells:

 Your Spells              Type           Power        Failure   Level  Hunger
a - Flame Tongue          Conj/Fire      #####        1%          1    None
c - Conjure Flame         Conj/Fire      ######..     1%          3    None
f - Fireball              Conj/Fire      ######....   1%          5    ###....
s - Sticky Flame          Conj/Fire      ######..     1%          4    None

Your spell library contained the following spells:

 Spells                   Type           Power        Failure   Level  Hunger
 Force Lance              Conj/Tloc      #####...     1%          4    None
 Throw Flame              Conj/Fire      ######       1%          2    None
 Inner Flame              Hex/Fire       #####...     1%          3    None
 Yara's Violent Unravell  Hex/Tmut       ##........   28%         5    ###....
 Cause Fear               Hex            ##........   38%         4    None
 Silence                  Hex/Air        ##........   75%         5    ###....
 Deflect Missiles         Chrm/Air       ##........   100%        6    #####..
 Discord                  Hex            ##........   100%        8    #######


Dungeon Overview and Level Annotations

Branches:
Dungeon (11/15)            Temple (1/1) D:7             Orc (0/2) D:11
   Lair: D:8-11

Altars:
Elyvilon
Fedhas
Gozag
Hepliaklqana
Kikubaaqudgha
Nemelex Xobeh
Okawaru
Qazlal
Sif Muna
Trog
Vehumet
Wu Jian
Yredelemnul
The Shining One
Jiyva

Shops:
D:5 [   D:7 (   D:11 (

Annotations:
D:9 3 runed translucent doors, bonscott's ghost, novice OpCj


Message History

Your +0 helmet melds into your body.
Your +2 pair of boots melds into your body.
The +2 leather armour of Depression {rF++ Stlth+} melds into your body.
Your roots penetrate the ground.
The shadow hits you.
Casting: Fireball (safe; 1% risk of failure)
Confirm with . or Enter, or press ? or * to list all spells.
Aiming: Sticky Flame (safe; 1% risk of failure)
Press: ? - help, Shift-Dir - straight line, f - shadow
Aim: a shadow The sticky flame hits the shadow.
The shadow is moderately damaged.
The shadow slips into darkness.
The shadow flickers and vanishes!
Deactivating autopickup; reactivate with Ctrl-A.
Casting: Sticky Flame (safe; 1% risk of failure)
Confirm with . or Enter, or press ? or * to list all spells.
You don't have enough magic to cast that spell.
You closely miss something.
The shadow strikes at you from the darkness!
You die...

####.#...................
..#..)................
...#..÷.)..........(...
###.######..............
#....................#
#.........[...((......
#.............(....#..
..#+###......)....# .
..'....♣......#
...#...{))........
#...#..........().# ###
#....)...###...
...........# ...
.........#..# #.
###+##...#### #...#


There were no monsters in sight!

Vanquished Creatures
  A two-headed ogre (D:7)
  An unseen horror (D:9)
  4 ugly things (D:9)
  A cyclops (D:11)
  A komodo dragon (D:11)
  A hornet (D:7)
  Grinder (D:3)
  Prince Ribbit (D:5)
  A hippogriff (D:9)
  Sigmund (D:2)
  A vampire (D:10)
  A human (D:7)
  4 yaks (D:10)
  4 hogs (D:7)
  2 vampire mosquitoes (D:11)
  2 hungry ghosts
  Edmund (D:5)
  Menkaure (D:5)
  2 ice beasts
  3 black bears
  9 orc warriors
  3 sky beasts
  3 phantoms
  6 ogres
  4 centaurs
  4 big kobolds
  Blork the orc (D:4)
  A wyvern zombie (D:10)
  4 bullfrogs
  3 scorpions
  4 killer bees (D:9)
  5 wights (D:8)
  4 howler monkeys
  4 crimson imps
  8 jellies
  6 hounds
  4 orc priests
  A bullfrog skeleton (D:5)
  10 orc wizards
  A centaur skeleton (D:4)
  4 iguanas
  Terence (D:3)
  7 worker ants
  A hound zombie (D:10)
  3 hound skeletons
  2 howler monkey zombies
  8 gnolls
  6 adders
  4 shadow imps
  3 oozes
  4 worms
  A dart slug (D:2)
  7 leopard geckos
  28 orcs
  9 bats
  8 giant cockroaches
  12 goblins
  12 hobgoblins
  11 jackals
  A quokka (D:6)
  2 ball pythons
  7 frilled lizards
  22 kobolds
  7 rats
289 creatures vanquished.

Vanquished Creatures (others)
  A hobgoblin (D:3)
  2 plants (D:11)
3 creatures vanquished.

Grand Total: 292 creatures vanquished

Notes
Turn   | Place    | Note
-------+----------+-------------------------------------------
     0 | D:1      | TheGoonsmith the Deep Elf Fire Elementalist began the quest
                  | for the Orb.
     0 | D:1      | Reached XP level 1. HP: 10/10 MP: 6/6
   217 | D:1      | Reached XP level 2. HP: 15/15 MP: 5/8
   731 | D:1      | Reached XP level 3. HP: 6/19 MP: 3/9
  1375 | D:2      | Reached XP level 4. HP: 17/24 MP: 2/11
  1623 | D:2      | Noticed Sigmund
  1628 | D:2      | Killed Sigmund
  1628 | D:2      | Reached skill level 4 in Spellcasting
  1628 | D:2      | Reached XP level 5. HP: 28/28 MP: 7/14
  1637 | D:2      | Reached XP level 6. HP: 24/32 MP: 1/15
  1930 | D:2      | Reached skill level 5 in Spellcasting
  2350 | D:3      | Noticed Grinder
  2404 | D:3      | Killed Grinder
  2404 | D:3      | Reached skill level 5 in Fire Magic
  2524 | D:3      | Reached XP level 7. HP: 36/36 MP: 8/17
  2645 | D:3      | Found a stormy altar of Qazlal.
  2680 | D:3      | Noticed Terence
  2884 | D:3      | Learned a level 4 spell: Sticky Flame
  2888 | D:3      | Learned a level 3 spell: Conjure Flame
  3013 | D:3      | Killed Terence
  3013 | D:3      | Reached skill level 6 in Spellcasting
  3224 | D:4      | Noticed Blork the orc
  3232 | D:4      | Killed Blork the orc
  3232 | D:4      | Reached skill level 5 in Conjurations
  3576 | D:4      | Found an opulent altar of Gozag.
  3702 | D:4      | Reached skill level 1 in Shields
  4009 | D:5      | Entered Level 5 of the Dungeon
  4041 | D:5      | Noticed Edmund
  4052 | D:5      | Noticed Prince Ribbit
  4058 | D:5      | Killed Prince Ribbit
  4058 | D:5      | Reached XP level 8. HP: 41/41 MP: 7/20
  4062 | D:5      | Reached skill level 7 in Spellcasting
  4064 | D:5      | Noticed Menkaure
  4484 | D:6      | Learned a level 5 spell: Fireball
  4530 | D:6      | Identified the ring of Qagecluo {Str+2 Dex+4}
  4724 | D:6      | Reached skill level 8 in Spellcasting
  5353 | D:6      | Reached skill level 1 in Fighting
  5600 | D:6      | Reached XP level 9. HP: 47/47 MP: 14/23
  5933 | D:5      | Killed Menkaure
  5969 | D:5      | Found Pouczai's Antique Armour Shop.
  5969 | D:5      | Found a white marble altar of Elyvilon.
  6065 | D:5      | Killed Edmund
  6065 | D:5      | Reached skill level 9 in Spellcasting
  6277 | D:5      | Found a hazy altar of Hepliaklqana.
  6356 | D:5      | Bought a helmet for 157 gold pieces
  6383 | D:5      | Upgraded the game from 0.23-a0-891-g16004d8 to
                  | 0.24-a0-7-g1bb0902
  6404 | D:5      | Got an encrusted leather armour
  6415 | D:5      | Identified the +2 leather armour of Depression {rF++
                  | Stlth+} (You found it on level 5 of the Dungeon)
  6676 | D:7      | Noticed a two-headed ogre
  6687 | D:7      | Killed a two-headed ogre
  6687 | D:7      | Reached skill level 10 in Spellcasting
  6980 | D:7      | Found a staircase to the Ecumenical Temple.
  6991 | Temple   | Entered the Ecumenical Temple
  7020 | Temple   | Became a worshipper of Vehumet
  7066 | D:7      | Found Pitwibes's Antique Weapon Shoppe.
  7241 | D:7      | Found an iron altar of Okawaru.
  7366 | D:7      | Reached XP level 10. HP: 53/53 MP: 7/26
  7703 | D:8      | Reached * piety under Vehumet
  7703 | D:8      | Offered knowledge of Sting by Vehumet.
  8600 | D:8      | Found a bloodstained altar of Trog.
  8611 | D:8      | Found a glowing golden altar of the Shining One.
  9009 | D:9      | Reached skill level 11 in Spellcasting
  9022 | D:9      | Noticed an unseen horror
  9024 | D:9      | Killed an unseen horror
  9410 | D:9      | Found a viscous altar of Jiyva.
  9422 | D:9      | Offered knowledge of Throw Frost by Vehumet.
  9433 | D:9      | Reached ** piety under Vehumet
  9585 | D:9      | Reached skill level 12 in Spellcasting
  9737 | D:9      | Reached skill level 1 in Evocations
  9845 | D:9      | Found a runed translucent gate.
  9845 | D:9      | Found a runed translucent gate.
  9845 | D:9      | Found a runed translucent gate.
  9845 | D:9      | Noticed a cyan ugly thing
  9845 | D:9      | Noticed a cyan ugly thing
  9845 | D:9      | Noticed a white ugly thing
  9845 | D:9      | Noticed a brown ugly thing
 10159 | D:9      | Killed a green ugly thing
 10159 | D:9      | Reached skill level 5 in Dodging
 10492 | D:9      | Killed a brown ugly thing
 10492 | D:9      | Reached XP level 11. HP: 61/61 MP: 4/29
 10496 | D:9      | Killed a brown ugly thing
 10496 | D:9      | Killed a white ugly thing
 10650 | D:9      | Found a runed translucent gate.
 10650 | D:9      | Found a runed translucent gate.
 10653 | D:9      | Found a runed translucent gate.
 10664 | D:9      | Noticed bonscott's ghost (novice OpCj)
 10687 | D:10     | Entered Level 10 of the Dungeon
 10721 | D:10     | HP: 1/61 [gnoll/+0 spear (5)]
 10726 | D:9      | Offered knowledge of Stone Arrow by Vehumet.
 11272 | D:10     | Found a blossoming altar of Fedhas.
 11373 | D:10     | Reached *** piety under Vehumet
 11424 | D:10     | Reached skill level 5 in Evocations
 11684 | D:10     | Found a bloodstained altar of Trog.
 11782 | D:11     | Found Dahyseaf's Weapon Shop.
 11782 | D:11     | Found a staircase to the Orcish Mines.
 11924 | D:11     | Offered knowledge of Force Lance by Vehumet.
 12162 | D:11     | HP: 3/61 [shadow (12)]
 12163 | D:11     | HP: 1/61 [shadow (11)]
 12166 | D:11     | Demolished by a shadow

Vault maps used:
D:1:      roderic_dead_forest
D:2:      uniq_sigmund
D:3:      grunt_qazlal_clouds, grunt_ministairs_7, st_stairs_1, uniq_grinder,
          uniq_terence
D:4:      kennysheep_little_box, first_ration, uniq_blork_the_orc
D:5:      lemuel_crystal_altar, lemuel_coloured_pillars_altar, serial_shops,
          shop, uniq_prince_ribbit1, uniq_edmund, uniq_menkaure
D:7:      okawaru_altar_gauntlet_db, minmay_temple_entry_drinking_statues,
          serial_shops, nicolae_shop_temple_entry_statues_fountains,
          grunt_livestock
D:8:      amethyst_overflow_temple_binary
D:9:      ploomutoo_gammafunk_ghost_potion_laboratory, minmay_misc_feat_rugged,
          grunt_ministairs_8, supply_closet_lemuel, jiyva_altar_1
D:10:     basic_altar, bloody_trog
D:11:     hangedman_cross_cluster, david_lair_shrubbed, orc_david_3
Temple:   regret_index_temple_waves

Skill      XL: |  1  2  3  4  5  6  7  8  9 10 11 |
---------------+----------------------------------+-----
Stealth        | 3 |  3.0
Dodging        | 3 4 5 9 |  9.5
Conjurations   | 2 3 4 5 6 8 9 |  9.1
Spellcasting   | 4 5 6 8 10 12 | 12.0
Fire Magic     | 4 5 6 8 9 |  9.1
Shields        | 1 4 |  4.2
Fighting       | 1 2 4 |  4.0
Evocations     | 2 5 |  5.0

Action                   |  1- 3 |  4- 6 |  7- 9 | 10-12 || total
-------------------------+-------+-------+-------+-------++-------
Melee: Whip              |       |     1 |       |       ||     1
       Flail             |       |       |   107 |     1 ||   108
       Scimitar          |       |       |       |    41 ||    41
 Cast: Flame Tongue      |    68 |    67 |   245 |   269 ||   649
       Sticky Flame      |       |       |    16 |    34 ||    50
       Conjure Flame     |       |       |    10 |     8 ||    18
       Fireball          |       |       |     4 |    30 ||    34
  Use: Scroll            |       |       |    18 |     3 ||    21
       Potion            |       |       |       |     4 ||     4
 Stab: Sleeping          |       |       |     1 |       ||     1
  Eat: Chunk             |     1 |     4 |    10 |    12 ||    27
       Ration            |       |       |     2 |     2 ||     4
Armor: Robe              |     8 |     1 |    32 |       ||    41
       Leather armour    |       |       |     9 |    40 ||    49
       Skin              |       |       |       |     1 ||     1
Dodge: Dodged            |    16 |     9 |    89 |   103 ||   217
Block: Buckler           |       |       |    40 |    53 ||    93
       Rpst.: Scimitar   |       |       |       |    20 ||    20

Table legend:
 A = Non-vault XP
 B = Vault XP
 C = Vault XP percentage of total XP
 D = Non-vault monster count
 E = Vault monster count
 F = Vault count percentage of total count
                 A         B        C        D         E       F
            +---------+---------+-------+---------+---------+-------
      Total |   10788 |    6439 |  37.4 |     242 |      47 |  16.3
            +---------+---------+-------+---------+---------+-------
        D:1 |      60 |       0 |   0.0 |      25 |       0 |   0.0
        D:2 |     151 |     223 |  59.6 |      32 |       1 |   3.0
        D:3 |      42 |     319 |  88.4 |      18 |       7 |  28.0
        D:4 |     311 |      94 |  23.2 |      11 |       1 |   8.3
        D:5 |     246 |     612 |  71.3 |       8 |       3 |  27.3
        D:6 |    1192 |       0 |   0.0 |      26 |       0 |   0.0
        D:7 |    1969 |    1004 |  33.8 |      15 |      11 |  42.3
        D:8 |    1583 |       0 |   0.0 |      28 |       0 |   0.0
        D:9 |    2278 |    2541 |  52.7 |      29 |      11 |  27.5
       D:10 |    2168 |       0 |   0.0 |      33 |       0 |   0.0
       D:11 |     788 |    1646 |  67.6 |      17 |      13 |  43.3
            +---------+---------+-------+---------+---------+-------
